 Dungeon Crawl Stone Soup version 0.27.1-2-g3b301248ec (webtiles) character file.

Game seed: 14557248174736857736

39 Metae the Skirmisher (level 3, 0/24 HPs)
             Began as a Gargoyle Fighter on Sept 26, 2021.
             Slain by a gnoll (8 damage)
             ... on level 2 of the Dungeon.
             The game lasted 00:04:56 (1494 turns).

Metae the Skirmisher (Gargoyle Fighter)             Turns: 1494, Time: 00:04:57

Health: 0/24       AC: 12    Str: 20    XL:     3   Next: 45%
Magic:  3/3        EV:  5    Int:  8    God:
Gold:   64         SH:  9    Dex:  9    Spells: 2/2 levels left

rFire    . . .     SeeInvis .   a - +0 flail
rCold    . . .     Faith    .   c - +0 kite shield
rNeg     + . .     Spirit   .   f - +0 chain mail
rPois    ∞         Reflect  .   (no helmet)
rElec    +         Harm     .   (no cloak)
rCorr    .         Rampage  .   (no gloves)
Will     .....                  (no boots)
Stlth    ..........             (no amulet)
HPRegen  0.08/turn              (no ring)
MPRegen  0.08/turn              (no ring)

@: no status effects
A: sickness immunity, AC +3, negative energy resistance 1, electricity
resistance, torment resistance 1, petrification resistance
a: no special abilities


You were on level 2 of the Dungeon.
You visited 1 branch of the dungeon, and saw 2 of its levels.

You collected 64 gold pieces.

Inventory:

Hand Weapons
 a - a +0 flail (weapon)
Armour
 c - a +0 kite shield (worn)
 f - a +0 chain mail (worn)
Potions
 d - a potion of might
 e - a potion of magic {unknown}


   Skills:
 + Level 3.7 Fighting
 + Level 2.5 Maces & Flails
 + Level 3.7 Armour
 + Level 3.7 Shields


You had 2 spell levels left.
You didn't know any spells.
Your spell library was empty.

Dungeon Overview and Level Annotations

Branches:
Dungeon (2/15)

Altars:


Innate Abilities, Weirdness & Mutations

You are immune to sickness and miasma.
Your stone body is resilient. (AC +3)
You are immune to poison.
You resist negative energy. (rN+)
You are resistant to electric shocks. (rElec)
You are resistant to unholy torment.
You are immune to petrification.


Message History

You block the bat's attack. The bat hits you but does no damage.
The bat barely misses you. The bat completely misses you.
You block the bat's attack. You block the bat's attack.
The bat barely misses you. You block the bat's attack.
The bat hits you but does no damage. The bat hits you but does no damage.
You block the bat's attack.
You hit the bat.
The bat is heavily wounded.
You block the bat's attack. x2
You closely miss the bat.
The bat is heavily wounded.
You block the bat's attack. The bat hits you but does no damage.
You closely miss the bat.
The bat is heavily wounded.
The bat hits you but does no damage. You block the bat's attack.
You miss the bat.
The bat is heavily wounded.
The bat barely misses you. You block the bat's attack. x2
You miss the bat.
The bat is heavily wounded.
The bat hits you but does no damage. You block the bat's attack.
The bat hits you but does no damage.
You hit the bat.
You kill the bat!
The frilled lizard bites you but does no damage.
Your shield and chain mail prevent you from hitting the frilled lizard.
You block the gnoll's attack.
The frilled lizard bites you but does no damage.
You sock the frilled lizard!
You kill the frilled lizard!
The gnoll hits you from afar with a +1 halberd of venom!
The gnoll hits you from afar with a +0 spear.
The gnoll hits you with a +1 halberd of venom.
You see here a bat corpse.
You hit the gnoll.
The gnoll is moderately wounded.
You block the gnoll's attack. x2
The gnoll hits you from afar with a +0 spear!
You die...

.†....... ...###.#.#
...# #.#.# ...#
#.#.## ...# #....# #
.)...+....###.#
#...##........#
...........#########
######[....#....@gg#
######(....#.#####g#
.......†.........#.#
######.#.#.#####..g#
#.#.#.# #...#
..#.#.# #...#
.###.#.# #.#.######
#. #.#.# #.#g#)...#
# #.#.. ..#...#


You could see 3 gnolls.

Vanquished Creatures
  An adder (D:2)
  2 dart slugs (D:1)
  A ball python (D:1)
  3 endoplasms
  A giant cockroach (D:1)
  A goblin (D:1)
  2 hobgoblins (D:1)
  2 jackals (D:1)
  2 quokkas (D:1)
  2 bats
  6 frilled lizards
  2 rats (D:1)
25 creatures vanquished.

Notes
Turn   | Place    | Note
-------+----------+-------------------------------------------
     0 | D:1      | Metae the Gargoyle Fighter began the quest for the Orb.
     0 | D:1      | Reached XP level 1. HP: 14/14 MP: 1/1
   387 | D:1      | Reached XP level 2. HP: 18/19 MP: 2/2
   860 | D:1      | Reached XP level 3. HP: 21/23 MP: 3/3
  1494 | D:2      | Slain by a gnoll

Illustrated notes

Levels and vault maps discovered:
D:1:      roderic_dead_forest, layout_basic, minmay_stone_trees_small,
          roderic_cross_of_infinity
D:2:      layout_basic, uniq_sigmund

Action                   || total
-------------------------++-------
Melee: Flail             ||    98
Armor: Scale mail        ||    62
       Chain mail        ||    15
Dodge: Dodged            ||    34
Block: Kite shield       ||    89
